 Dungeon Crawl Stone Soup version 0.22.1-1-ga44c0e56f4 (webtiles) character file.

711 Kurbag the Skirmisher (level 7, -10/63 HPs)
             Began as a Hill Orc Fire Elementalist on Sept 20, 2018.
             Mangled by Prince Ribbit (13 damage)
             ... on level 5 of the Dungeon on Nov 3, 2018.
             The game lasted 00:33:50 (4271 turns).

Kurbag the Skirmisher (Hill Orc Fire Elementalist)  Turns: 4271, Time: 00:33:51

Health: -10/63     AC:  5    Str: 11    XL:     7   Next: 68%
Magic:  9/10       EV: 12    Int: 17    God:
Gold:   262        SH:  0    Dex: 11    Spells: 4/10 levels left

rFire    . . .     SeeInvis .   a - +0 falchion
rCold    . . .     Gourm    .   (no shield)
rNeg     + . .     Faith    .   B - +2 leather armour {MR+}
rPois    .         Spirit   .   (no helmet)
rElec    .         Reflect  .   (no cloak)
rCorr    .         Harm     .   (no gloves)
MR       +....                  (no boots)
Stlth    +.........             (no amulet)
HPRegen  0.20/turn              l - ring of positive energy
MPRegen  0.12/turn              (no ring)

@: berserk cooldown, slowed, very slow
A: no striking features
a: Convert to Beogh


You were on level 5 of the Dungeon.
You were not hungry.

You visited 1 branch of the dungeon, and saw 5 of its levels.

You collected 262 gold pieces.


   Skills:
 - Level 6.3 Fighting
 + Level 2.4 Armour
 - Level 3.0 Dodging
 - Level 1.5 Stealth
 - Level 2.0 Spellcasting
 - Level 3.3 Conjurations
 - Level 4.3 Fire Magic


You had 4 spell levels left.
You knew the following spells:

 Your Spells              Type           Power        Failure   Level  Hunger
a - Flame Tongue          Conj/Fire      ##...        5%          1    #......
b - Throw Flame           Conj/Fire      ##....       8%          2    ###....
c - Conjure Flame         Conj/Fire      ##......     16%         3    ###....

Your spell library contained the following spells:

 Spells                   Type           Power        Failure   Level  Hunger
 Inner Flame              Hex/Fire       #.......     30%         3    ###....
 Sticky Flame             Conj/Fire      ##......     45%         4    #####..
 Fireball                 Conj/Fire      ##........   82%         5    ######.

Inventory:

Hand Weapons
 a - a +0 falchion (weapon)
 b - a +3 dagger of venom
 c - a +2 hand axe of chopping
 d - a +0 spear
Missiles
 q - a throwing net {=f}
Armour
 i - a +0 robe
 n - a +0 shield
 z - a +1 leather armour of fire resistance
 B - a +2 leather armour of magic resistance (worn)
Jewellery
 l - a ring of positive energy (left hand)
Wands
 u - a wand of disintegration (7)
Scrolls
 e - a scroll of amnesia {unknown}
 f - 3 scrolls of remove curse {unknown}
 g - 4 scrolls of teleportation {unknown}
 h - 3 scrolls of magic mapping {unknown}
 k - a scroll of enchant armour {unknown}
 t - 3 scrolls of fog {unknown}
 y - 5 scrolls of identify {unknown}
Potions
 j - a potion of curing {unknown}
 m - 2 potions of lignification {unknown}
 o - 2 potions of haste {unknown}
 p - a potion of might {unknown}
 r - a potion of ambrosia {unknown}
 s - a potion of mutation {unknown}
 x - 2 potions of agility {unknown}
Comestibles
 w - 16 rations
 A - 5 chunks of flesh

Dungeon Overview and Level Annotations

Branches:
Dungeon (5/15)
 Temple: D:4-7

Altars:
Ashenzari
Gozag
Sif Muna
Uskayaw
Xom
Yredelemnul

Annotations:
D:1 cleared, exclusion: downstairs
D:2 cleared
D:3 cleared
D:4 cleared
D:5 Prince Ribbit

###..!.#######
#...#o.......#
#.#..o.#
#.##.#(#####
#.##...o...#
#.######.#.# #.#
#.#.# .
###.######c#.#
## .##
#...F@.(.oo..#
.#### ..#
#.#.######.###.#
....# #.#
#.#............#
.##.# #.#
#.########.#####
###.# #.# #)#
#.# #.####.###.#
#.#
###..........#
#.#
.............#
#.#
....####.....#
#.#


You could see Prince Ribbit, a centaur, an orc priest and an orc.


Message History

Prince Ribbit is moderately wounded.
Prince Ribbit hits you.
* * * LOW HITPOINT WARNING * * *
You barely miss Prince Ribbit.
Prince Ribbit is moderately wounded.
Prince Ribbit misses you.
You hit Prince Ribbit.
Prince Ribbit looks as sick as possible!
Prince Ribbit is heavily wounded.
Prince Ribbit hits you.
* * * LOW HITPOINT WARNING * * *
Wield which item (- for none, * to show all)? (? for menu, Esc to quit)
Your +3 dagger of venom stops dripping with poison.
a - a +0 falchion (weapon)
You feel a strong urge to attack something.
Prince Ribbit blinks!
The orc throws a tomahawk.
The tomahawk hits you but does no damage.
You see here a tomahawk.
The orc priest invokes the aid of Beogh against you.
Beogh smites you!
* * * LOW HITPOINT WARNING * * *
You hear a shout!
You hear a shout!
You feel your anger nearly subside.
You are no longer berserk.
You are exhausted.
You feel yourself slow down. Prince Ribbit hits you!
You die...

Action                   |  1- 3 |  4- 6 |  7- 9 || total
-------------------------+-------+-------+-------++-------
Melee: Dagger            |    33 |    35 |    41 ||   109
       Unarmed           |     6 |       |       ||     6
       Short sword       |     2 |       |       ||     2
       Spear             |       |       |    26 ||    26
       Falchion          |       |       |     1 ||     1
 Cast: Flame Tongue      |    57 |    80 |    40 ||   177
       Conjure Flame     |       |     3 |     3 ||     6
  Use: Potion            |       |       |     1 ||     1
 Stab: Sleeping          |     3 |     3 |       ||     6
       Distracted        |       |     1 |       ||     1
  Eat: Chunk             |     2 |     8 |     5 ||    15
Armor: Robe              |    14 |     5 |     1 ||    20
       Leather armour    |       |       |     9 ||     9
Dodge: Dodged            |    41 |    48 |    27 ||   116
       Rpst.: Falchion   |       |       |     1 ||     1

Vault maps used:
D:1:      erik_arrival_cave_to_civilisation
D:2:      eat_drink_and_be_merry_uskayaw
D:3:      xom_redecorated, nicolae_overflow_hidden_temple, led_sif_pool,
          serial_forest, infiniplex_forest_diagonal,
          infiniplex_forest_clump_medium, infiniplex_forest_3_way,
          infiniplex_forest_side_room, infiniplex_forest_lined_room_2,
          infiniplex_forest_side_room, infiniplex_forest_straight_4,
          minmay_strange_pillars, uniq_ijyb, uniq_natasha
D:4:      gammafunk_temple_overflow_wave, kennysheep_big_empty_room
D:5:      first_ration, minmay_misc_feat_hallway, uniq_prince_ribbit1

Notes
Turn   | Place    | Note
-------+----------+-------------------------------------------
     0 | D:1      | Kurbag the Hill Orc Fire Elementalist began the quest for
                  | the Orb.
     0 | D:1      | Reached XP level 1. HP: 14/14 MP: 3/3
    35 | D:1      | Reached skill level 2 in Spellcasting
   141 | D:1      | Reached XP level 2. HP: 18/20 MP: 0/5
   199 | D:1      | Learned a level 2 spell: Throw Flame
   274 | D:1      | Reached skill level 2 in Dodging
   553 | D:1      | Reached skill level 2 in Conjurations
   553 | D:1      | Reached XP level 3. HP: 25/26 MP: 2/6
   558 | D:1      | Learned a level 3 spell: Conjure Flame
  1308 | D:2      | Reached skill level 3 in Conjurations
  1308 | D:2      | Reached XP level 4. HP: 8/33 MP: 3/7
  1398 | D:2      | Found a hide-covered altar of Uskayaw.
  1420 | D:2      | Reached skill level 1 in Fighting
  1863 | D:2      | Reached skill level 2 in Fighting
  2103 | D:3      | Found a shimmering altar of Xom.
  2103 | D:3      | Found a shimmering altar of Xom.
  2103 | D:3      | Found a shimmering altar of Xom.
  2107 | D:3      | Reached XP level 5. HP: 42/42 MP: 4/8
  2200 | D:3      | Reached skill level 3 in Fighting
  2294 | D:3      | Reached skill level 4 in Fighting
  2510 | D:3      | Noticed Ijyb
  2523 | D:3      | Killed Ijyb
  2523 | D:3      | Reached XP level 6. HP: 15/52 MP: 0/9
  2524 | D:3      | Found a shattered altar of Ashenzari.
  2930 | D:3      | Found a deep blue altar of Sif Muna.
  3042 | D:4      | Reached skill level 4 in Fire Magic
  3191 | D:4      | Reached skill level 5 in Fighting
  3305 | D:4      | Reached skill level 6 in Fighting
  3305 | D:4      | Reached XP level 7. HP: 58/63 MP: 1/10
  3672 | D:4      | Reached skill level 1 in Armour
  3931 | D:4      | Found an opulent altar of Gozag.
  3931 | D:4      | Found a basalt altar of Yredelemnul.
  3985 | D:5      | Entered Level 5 of the Dungeon
  4201 | D:5      | Reached skill level 2 in Armour
  4203 | D:5      | Reached skill level 3 in Dodging
  4252 | D:5      | Noticed Prince Ribbit
  4270 | D:5      | HP: 4/94 [orc priest/divine providence (9)]
  4271 | D:5      | Mangled by Prince Ribbit

Vanquished Creatures
  3 ogres (D:4)
  2 crimson imps
  An orc wizard (D:4)
  A hound (D:4)
  A gnoll shaman (D:5)
  Ijyb (D:3)
  An iguana (D:3)
  2 worker ants
  7 gnolls
  3 adders
  An ooze (D:2)
  2 worms
  3 dart slugs (D:1)
  2 leopard geckos
  15 orcs
  4 ball pythons
  4 giant cockroaches
  13 goblins
  7 hobgoblins
  3 jackals (D:1)
  13 bats
  6 frilled lizards
  8 kobolds
  6 rats
109 creatures vanquished.

Vanquished Creatures (others)
  A bat (D:2)
1 creature vanquished.

Grand Total: 110 creatures vanquished
